 Dungeon Crawl Stone Soup version 0.25-a0-1015-g4819203062 (webtiles) character file.

Game seed: 18234355008706378746, levelgen mode: deterministic

101 Harbin the Firebug (level 4, 0/35 HPs)
             Began as a Hill Orc Fire Elementalist on May 12, 2020.
             Slain by Sigmund
             ... wielding a +0 scythe
              (8 damage)
             ... on level 2 of the Dungeon.
             The game lasted 00:12:48 (1945 turns).

Harbin the Firebug (Hill Orc Fire Elementalist)     Turns: 1945, Time: 00:12:49

Health: 0/35       AC:  6    Str: 11    XL:     4   Next: 75%
Magic:  1/7        EV: 12    Int: 15    God:
Gold:   84         SH:  0    Dex: 11    Spells: 6/7 levels left

rFire    . . .     SeeInvis .   j - +0 whip
rCold    . . .     Gourm    .   (no shield)
rNeg     . . .     Faith    .   a - +0 robe
rPois    .         Spirit   .   (no helmet)
rElec    .         Reflect  .   (no cloak)
rCorr    .         Harm     .   g - +0 pair of gloves
MR       .....                  p - +0 pair of boots
Stlth    ++........             (no amulet)
HPRegen  0.11/turn              d - +2 ring of protection
MPRegen  0.10/turn              (no ring)

@: very slightly contaminated
A: no striking features
a: no special abilities


You were on level 2 of the Dungeon.
You were hungry.

You visited 1 branch of the dungeon, and saw 2 of its levels.

You collected 84 gold pieces.

Inventory:

Hand Weapons
 j - a +0 whip (weapon)
Missiles
 b - 2 javelins (quivered)
Armour
 a - a +0 robe (worn)
 g - a +0 pair of gloves (worn)
 p - a +0 pair of boots (worn)
Jewellery
 d - a +2 ring of protection (left hand)
Scrolls
 e - 4 scrolls of identify {unknown}
 f - a scroll of teleportation {unknown}
 h - a scroll of enchant weapon {unknown}
 l - a scroll of enchant armour {unknown}
 m - 2 scrolls of remove curse {unknown}
 n - a scroll of blinking {unknown}
Potions
 i - a potion of haste {unknown}
 k - a potion of cancellation {unknown}
 o - a potion of mutation {unknown}
 r - a potion of curing {unknown}
Comestibles
 c - 2 rations
 q - 10 chunks of flesh


   Skills:
 + Level 1.1 Fighting
 + Level 1.9 Dodging
 - Level 1.5 Stealth
 - Level 0.5 Unarmed Combat
 + Level 2.2 Spellcasting
 + Level 1.6 Conjurations
 + Level 4.4 Fire Magic


You had 6 spell levels left.
You knew the following spells:

 Your Spells              Type           Power        Failure   Level  Hunger
a - Foxfire               Conj/Fire      ##..         6%          1    #......

Your spell library contained the following spells:

 Spells                   Type           Power        Failure   Level  Hunger
 Conjure Flame            Conj/Fire      ##......     19%         3    ###....
 Inner Flame              Hex/Fire       #.......     26%         3    ###....
 Sticky Flame             Conj/Fire      ##......     52%         4    #####..
 Fireball                 Conj/Fire      ##........   86%         5    ######.


Dungeon Overview and Level Annotations

Branches:
Dungeon (2/15)

Altars:

Annotations:
D:2 Sigmund


Message History

You are very lightly contaminated with residual magic.
Nothing appears to happen.
You are feeling hungry.
A bat comes into view.
A magic dart appears from out of thin air!
The magic dart hits you.
The bat moves out of view.
Casting: Foxfire (safe; 6% risk of failure)
Confirm with . or Enter, or press ? or * to list all spells.
You conjure some foxfire!
Something hits you.
The foxfire hits something but does no damage.
The foxfire hits something.
Something hits you!
You closely miss something. Something hits you!
* * * LOW HITPOINT WARNING * * *
Casting: Foxfire (safe; 6% risk of failure)
Confirm with . or Enter, or press ? or * to list all spells.
You conjure some foxfire!
Something hits you but does no damage.
Okay, then.
Something hits you!
You die...

## #.÷....#
#......#
#......#
#......#
#......#
#......#
#.##§#{# ...
#v#.#
.#######§@.#
.......§§..###
.......§.....#
.........##....#
.........# ..###
........>. #.#
###...###.# .#
#... .. .. .....
.....#


There were no monsters in sight!

Vanquished Creatures
  3 gnolls (D:2)
  An adder (D:2)
  2 oozes (D:1)
  2 worms (D:2)
  A dart slug (D:1)
  6 bats
  A giant cockroach (D:1)
  5 goblins (D:1)
  6 hobgoblins
  2 quokkas (D:2)
  A ball python (D:1)
  5 frilled lizards
  8 kobolds
  8 rats
51 creatures vanquished.

Vanquished Creatures (others)
  95 foxfires
95 creatures vanquished.

Grand Total: 146 creatures vanquished

Notes
Turn   | Place    | Note
-------+----------+-------------------------------------------
     0 | D:1      | Harbin the Hill Orc Fire Elementalist began the quest for
                  | the Orb.
     0 | D:1      | Reached XP level 1. HP: 14/14 MP: 3/3
   288 | D:1      | Reached XP level 2. HP: 20/20 MP: 2/4
   342 | D:1      | Reached skill level 4 in Fire Magic
   362 | D:1      | HP: 1/20 [ooze (4)]
   391 | D:1      | Reached XP level 3. HP: 3/26 MP: 0/5
  1576 | D:2      | Reached XP level 4. HP: 34/34 MP: 2/7
  1801 | D:2      | Reached skill level 1 in Fighting
  1915 | D:2      | Noticed Sigmund
  1945 | D:2      | Slain by Sigmund

Illustrated notes

Levels and vault maps discovered:
D:1:      elethiomel_arrival_diamonds, layout_basic, minmay_octomino_c4
D:2:      layout_rooms, serial_bayou, serial_bayou_ford_a, serial_bayou_shore_a,
          serial_bayou_pond_e, serial_bayou_pond_e, uniq_sigmund

Skill      XL: |  1  2  3  4 |
---------------+-------------+-----
Fire Magic     | 4 |  4.4
Spellcasting   | 2 |  2.2
Fighting       | 1 |  1.1
Dodging        | |  1.9
Stealth        | |  1.5
Unarmed Combat | |  0.5
Conjurations   | |  1.6

Action                   |  1- 3 |  4- 6 || total
-------------------------+-------+-------++-------
Melee: Unarmed           |    81 |     7 ||    88
       Whip              |       |    11 ||    11
Throw: Javelin           |     2 |       ||     2
 Cast: Foxfire           |    44 |    18 ||    62
 Stab: Sleeping          |     1 |       ||     1
  Eat: Chunk             |     3 |     1 ||     4
Armor: Robe              |    18 |     3 ||    21
Dodge: Dodged            |    53 |    12 ||    65

Table legend:
 A = Non-vault XP
 B = Vault XP
 C = Vault XP percentage of total XP
 D = Non-vault monster count
 E = Vault monster count
 F = Vault count percentage of total count
                 A         B        C        D         E       F
            +---------+---------+-------+---------+---------+-------
      Total |     119 |      26 |  17.9 |      36 |      15 |  29.4
            +---------+---------+-------+---------+---------+-------
        D:1 |      39 |      26 |  40.0 |      21 |      15 |  41.7
        D:2 |      80 |       0 |   0.0 |      15 |       0 |   0.0
            +---------+---------+-------+---------+---------+-------
